 Dungeon Crawl Stone Soup version 0.18.1-1-g2f07953 (webtiles) character file.

63 Ellandar the Chucker (level 3, -2/33 HPs)
             Began as a Troll Arcane Marksman on Aug 11, 2016.
             Slain by an orc
             ... wielding a +0 flail
              (8 damage)
             ... on level 3 of the Dungeon.
             The game lasted 00:12:07 (1652 turns).

Ellandar the Chucker (Troll Arcane Marksman)        Turns: 1652, Time: 00:12:07

Health: -2/33      AC:  5    Str: 19    XL:     3   Next: 87%
Magic:  3/3        EV: 10    Int: 11    God:
Gold:   142        SH:  0    Dex: 10    Spells: 1 memorised, 3 levels left

rFire  + . .     SeeInvis .     (no weapon)
rCold  x . .     Gourm    +     a - +0 robe
rNeg   . . .     Faith    .     (no shield)
rPois  .         Spirit   .     (helmet restricted)
rElec  .         Dismiss  .     (no cloak)
rCorr  .         Reflect  .     (gloves unavailable)
SustAt .         Harm     .     (boots unavailable)
MR     .....                    (no amulet)
Stlth  +.........               n - ring of fire
                                h - +2 ring of intelligence

@: lethally poisoned (-2 -> -2), not resistant to hostile enchantments, very
unstealthy
A: unfitting armour, claws 3, fast metabolism 3, gourmand, regeneration 2,
shaggy fur 1, tough skin 2
a: no special abilities


You were on level 3 of the Dungeon.
You were not hungry.

You visited 1 branch of the dungeon, and saw 3 of its levels.

You collected 142 gold pieces.

Inventory:

Missiles
 c - 2 large rocks (quivered)
 d - 2 throwing nets
Armour
 a - a +0 robe (worn)
Jewellery
 h - a +2 ring of intelligence (left claw)
 n - a ring of fire (right claw)
Scrolls
 e - a scroll of remove curse {unknown}
 g - 2 scrolls of identify {unknown}
 i - a scroll of enchant armour {unknown}
 m - a scroll of recharging {unknown}
 p - a scroll of teleportation {unknown}
Potions
 j - 3 potions of haste {unknown}
 k - a potion of mutation {unknown}
 l - a potion of resistance {unknown}
 o - 2 potions of heal wounds {unknown}
 q - a potion of lignification {unknown}
Books
 b - a book of Debilitation

   Spells                             Type                      Level
   a - Corona                         Hexes                        1
   b - Slow                           Hexes                        2
   c - Gell's Gravitas                Hexes/Translocation          3
   d - Inner Flame                    Hexes/Fire                   3
   e - Cause Fear                     Hexes                        4
   f - Leda's Liquefaction            Hexes/Earth                  4
Comestibles
 f - 4 bread rations


   Skills:
 + Level 1.5 Fighting
 + Level 2.6 Throwing
 + Level 2.3 Dodging
 + Level 0.8 Unarmed Combat
 - Level 1.0 Spellcasting
 - Level 2.0 Hexes


You had 3 spell levels left.
You knew the following spells:

 Your Spells              Type           Power        Failure   Level  Hunger
a - Corona                Hex            #......      17%         1    ##.....


Dungeon Overview and Level Annotations

Branches:
Dungeon (3/15)

Altars:
Kikubaaqudgha


Innate Abilities, Weirdness & Mutations

You are too large for most types of armour.
You have claws for hands.
Your metabolism is lightning-fast.
You like to eat raw meat.
You heal very quickly.
You are covered in fur (AC +1).
You have very tough skin (AC +2).


Message History

You barely miss the kobold.
You feel sick. The kobold hits you but does no damage.
The orc barely misses you.
You feel sick.
You closely miss the kobold.
You feel sick. The kobold hits you with a club.
You closely miss the kobold.
You feel sick. The kobold barely misses you.
You claw the kobold!
You kill the kobold!
You feel sick.
You closely miss the orc.
You feel sick. The orc hits you with a flail.
You scratch the orc.
The orc is lightly wounded.
The orc hits you with a flail.
You scratch the orc.
The orc is almost dead.
You feel sick. The orc hits you with a flail.
* * * LOW HITPOINT WARNING * * *
You completely miss the orc.
The orc is almost dead.
You feel sick. The orc hits you with a flail!
You die...

#. #.....# #.
#.....#
#.###.....#
#####.......!K#
.$............#
.............
.........#l####
.......<(.Ko@)#
.........######
...........
......o..###
#.#....... #
#%#....##
#.###### #


You could see an orc, a kobold and a giant newt.

Vanquished Creatures
  An adder (D:2)
  An ooze (D:2)
  2 worms (D:2)
  A dart slug (D:2)
  3 giant geckos
  5 goblins
  3 hobgoblins (D:1)
  8 bats
  12 kobolds
  4 rats
40 creatures vanquished.

Notes
Turn   | Place    | Note
--------------------------------------------------------------
     0 | D:1      | Ellandar the Troll Arcane Marksman began the quest for the Orb.
     0 | D:1      | Reached XP level 1. HP: 18/18 MP: 1/1
   194 | D:1      | Reached skill level 1 in Fighting
   413 | D:1      | Reached XP level 2. HP: 27/27 MP: 2/2
   887 | D:2      | Reached XP level 3. HP: 33/33 MP: 3/3
  1540 | D:2      | Found an ancient bone altar of Kikubaaqudgha.
  1652 | D:3      | Slain by an orc

Skill      XL: |  1  2  3 |
---------------+----------+-----
Fighting       | 1 |  1.5
Throwing       | 2 |  2.6
Dodging        | 2 |  2.3
Unarmed Combat | |  0.8
Spellcasting   | |  1.0
Hexes          | |  2.0

Action                   || total
-------------------------++-------
Melee: Unarmed           ||   115
Throw: Large rock        ||    24
  Eat: Chunk             ||    15
Armor: Robe              ||    54
Dodge: Dodged            ||    74
